 Dungeon Crawl Stone Soup version 0.21.0-3-g78d12a8bdd (webtiles) character file.

152913 NullDivider the Unseen (level 17, 0/96 HPs)
             Began as a Spriggan Artificer on Jan 12, 2018.
             Was an Initiate of Gozag.
             Slain by a five-headed hydra (16 damage)
             ... called by a spriggan druid
             ... on level 4 of the Swamp on Jan 15, 2018.
             The game lasted 08:27:57 (64583 turns).

NullDivider the Unseen (Spriggan Artificer)        Turns: 64583, Time: 08:28:04

Health: 0/96       AC: 12    Str:  8    XL:     17   Next: 3%
Magic:  24/30      EV: 21    Int: 14    God:    Gozag
Gold:   7890       SH:  0    Dex: 25    Spells: 23/32 levels left

rFire    . . .     SeeInvis +   M - +10 short sword of Gozag's Delight {drain, rElec MR+}
rCold    . . .     Gourm    .   (shield restricted)
rNeg     . . .     Faith    .   W - quicksilver dragon scales
rPois    +         Spirit   .   (helmet restricted)
rElec    +         Reflect  .   w - +2 cloak {+Inv}
rCorr    .         Harm     .   (gloves unavailable)
MR       ++++.                  (boots unavailable)
Stlth    +++.......             (no amulet)
HPRegen  0.26/turn              V - ring of poison resistance
MPRegen  0.22/turn              R - +3 ring of dexterity

@: grasped by roots, gold aura, contaminated, starving, glowing, studying Short
Blades, invisible (but backlit and visible), quick
A: very small, unfitting armour, see invisible, herbivore, speed 3, slow
metabolism 2
a: Potion Petition, Call Merchant, Bribe Branch, Renounce Religion


You were on level 4 of the Swamp.
You worshipped Gozag.
Gozag was greatly pleased with you.
You were starving.

You visited 5 branches of the dungeon, and saw 28 of its levels.

You collected 12263 gold pieces.
You spent 3723 gold pieces at shops.
You paid 650 gold pieces to Gozag.

Inventory:

Hand Weapons
 k - the +2 rapier "Jaluz" {drain, *Slow Str+3 Stlth+}
   (You bought it in a shop on level 2 of the Orcish Mines)

   A truly terrible weapon, it drains the life of those it strikes.
   It affects your strength (+3).
   It may slow you when you take damage.
   It makes you more stealthy.
 n - a +6 dagger of venom
 K - the +1 quick blade of Watchfulness {elec, +Rage rN+ Str+4}
   (You found it on level 1 of the Orcish Mines)

   Occasionally, upon striking a foe, it will discharge some electrical energy
   and cause terrible harm.
   It affects your strength (+4).
   It protects you from negative energy.
   It lets you go berserk.
 M - the +10 short sword of Gozag's Delight (weapon) {drain, rElec MR+}
   (You found it on level 1 of the Orcish Mines)

   A truly terrible weapon, it drains the life of those it strikes.
   It insulates you from electricity.
   It affects your resistance to hostile enchantments.
Armour
 e - +2 storm dragon scales
 w - a +2 cloak of invisibility (worn)
 W - quicksilver dragon scales (worn)
Jewellery
 l - an uncursed ring of resist corrosion
 O - an uncursed ring of positive energy
 Q - the ring of Ruxeisint {rF- rN+ MR+ MP+9}
   (You found it on level 2 of the Swamp)

   [ring of magical power]

   It makes you vulnerable to fire.
   It protects you from negative energy.
   It affects your resistance to hostile enchantments.
   It affects your magic capacity (+9).
 R - a +3 ring of dexterity (right hand)
 S - the ring "Gidiucs" {Ice rPois MP+9}
   (You found it on level 2 of the Lair of Beasts)

   [ring of ice]

   It enhances your ice magic.
   It makes you vulnerable to fire.
   It protects you from cold.
   It protects you from poison.
   It affects your magic capacity (+9).
 V - a ring of poison resistance (left hand)
Wands
 a - a wand of flame (8)
 q - a wand of enslavement (22)
 x - a wand of disintegration (4)
 C - a wand of polymorph (29)
 G - a wand of iceblast (3)
Scrolls
 b - 2 scrolls of enchant armour
 c - a scroll of blinking
 j - 10 scrolls of remove curse
 r - a scroll of summoning
 s - 2 scrolls of magic mapping
 v - 10 scrolls of teleportation
 F - a scroll of immolation
 H - 4 scrolls of fog
 J - 5 scrolls of vulnerability
 N - a scroll of fear {unknown}
Potions
 i - 3 potions of cancellation
 m - 8 potions of haste
 o - 7 potions of lignification
 p - 2 potions of invisibility
 t - a potion of berserk rage
 u - 4 potions of might
 z - 16 potions of curing
 A - 3 potions of resistance
 D - 5 potions of agility
 P - 2 potions of flight
Books
 U - a manual of Short Blades
Miscellaneous
 h - a phial of floods
 y - a fan of gales
 E - a lightning rod (4/4)
Comestibles
 f - 31 rations


   Skills:
 * Level 13.8 Fighting
 + Level 13.2 Short Blades
 + Level 17.1 Dodging
 + Level 19.7 Stealth
 - Level 8.3 Spellcasting
 - Level 10.0 Charms
 + Level 15.0 Evocations


You had 23 spell levels left.
You knew the following spells:

 Your Spells              Type           Power        Failure   Level  Hunger
a - Regeneration          Chrm/Necr      ###.......   14%         3    ##.....
b - Deflect Missiles      Chrm/Air       ###.......   100%        6    #######


Dungeon Overview and Level Annotations

Branches:
Dungeon (15/15)            Temple (1/1) D:4            Lair (6/6) D:11
  Swamp (4/4) Lair:2        Snake (0/4) Lair:3        Slime (0/5) Lair:5
    Orc (2/2) D:11            Elf (0/3) Orc:2        Vaults (0/5) D:13
 Depths (0/5) D:15

Altars:
Ashenzari
Cheibriados
Dithmenos
Elyvilon
Fedhas
Gozag
Hepliaklqana
Kikubaaqudgha
Makhleb
Nemelex Xobeh
Okawaru
Qazlal
Ru
Sif Muna
Trog
Uskayaw
Vehumet
Wu Jian
Xom
Yredelemnul
Zin
The Shining One

Shops:
D:4 ([   D:11 ?   D:12 :   Orc:2 !!*

Annotations:
D:5 loom's ghost, novice OpFE
D:10 GordonOverkill's ghost, journeyman CeWz


Innate Abilities, Weirdness & Mutations

You are very small and have problems with some larger weapons.
You are too small for most types of armour.
You have supernaturally acute eyesight. (SInv)
You are a herbivore.
You cover ground extremely quickly.
You need consume almost no food.


Message History

You hear a splash. x3
An alligator comes into view.
Your skin stops crawling.
You fade into invisibility!
You are contaminated with residual magic.
You are starving!
The shambling mangrove is distracted by the nearby gold.
The seven-headed hydra is distracted by the nearby gold.
The alligator puts on a burst of speed!
You catch the helpless swamp drake completely off-guard!
You spit the swamp drake like a pig!!!
You kill the swamp drake!
You puncture the five-headed hydra!
The five-headed hydra is lightly wounded.
The five-headed hydra bites you! x3
* * * LOW HITPOINT WARNING * * *
The five-headed hydra bites you but does no damage.
The five-headed hydra bites you!
You die...
Your body crumbles into a pile of gold.

..♣ ≈♣♣≈≈≈≈.. ..♣♣
♣....≈≈.. ...♣♣♣
♣≈≈≈≈...♣♣♣♣♣§≈≈..♣
♣♣≈≈≈≈≈≈.♣♣.≈≈.≈≈≈..
♣.≈≈≈≈≈≈.t§≈≈§≈≈≈≈.≈
♣.≈≈≈≈≈≈f≈≈≈≈≈≈≈≈.=.
♣♣≈..≈≈≈≈≈≈D≈D≈...♣
≈.≈≈≈.≈≈≈≈≈.@♣♣..≈♣
.)≈≈....≈≈.$.≈♣ ♣♣
♣♣≈...≈≈≈$$..♣♣
..♣♣.§≈≈≈...♣♣
♣.≈..≈≈≈♣♣ ♣♣≈♣♣♣♣♣♣
♣♣


You could see a shambling mangrove, an alligator, a seven-headed hydra and a
five-headed hydra.

Vanquished Creatures
  Frances (D:13)
  A thorn hunter (Swamp:4)
  An orc warlord (Orc:1)
  A very ugly thing (Swamp:1)
  A ghoul (Swamp:1)
  A stone giant (Orc:1)
  A dire elephant (Lair:5)
  The ghost of Jerkops the Fighter, a journeyman MiMo of Okawaru (D:13)
  4 ettins
  A yaktaur captain (D:15)
  14 hydras
  A rakshasa (D:15)
  4 vault guards
  3 centaur warriors
  6 ghost crabs
  6 alligators
  9 two-headed ogres
  A queen ant (Lair:2)
  2 ogre magi (Orc:2)
  Sonja (Lair:1)
  Nergalle (D:12)
  4 spriggan druids
  3 unseen horrors
  2 deep trolls (Orc:2)
  8 swamp dragons
  A wizard (D:14)
  A shambling mangrove (Swamp:3)
  Pikel (D:7)
  2 orc knights (D:9)
  An orc sorcerer (Orc:1)
  A manticore (D:13)
  32 elephants
  4 apocalypse crabs (Swamp:2)
  20 ugly things
  The ghost of topfpfpflanze the Digger, a novice OpEE (D:4)
  16 cyclopes
  Maurice (Orc:1)
  6 black mambas
  A molten gargoyle (Lair:6)
  A gargoyle (D:13)
  18 spiny frogs
  3 rime drakes
  A yaktaur (D:15)
  A freezing wraith (D:14)
  8 komodo dragons
  A tengu conjurer (D:13)
  15 trolls
  9 polar bears (Lair:6)
  4 tyrant leeches
  4 hornets
  11 slime creatures
  7 blink frogs
  14 bog bodies
  11 hippogriffs
  4 spriggans
  2 shadows (D:14)
  2 wyverns
  A vampire (D:14)
  3 water elementals
  50 yaks
  6 basilisks
  2 steam dragons
  17 vampire mosquitoes
  22 wargs
  3 hungry ghosts
  Edmund (D:6)
  8 insubstantial wisps (Swamp:3)
  3 soldier ants (Lair:2)
  16 hell hounds (Lair:6)
  20 swamp worms
  A two-headed ogre zombie (D:11)
  3 acid dragons
  16 porcupines
  8 water moccasins
  A hornet zombie (D:13)
  2 ice beasts
  3 sky beasts
  12 black bears
  7 swamp drakes
  28 orc warriors
  5 necrophages
  An eye of draining (D:13)
  32 ogres
  4 phantoms
  22 wolves
  9 centaurs
  8 crocodiles
  3 big kobolds
  3 hounds
  11 bullfrogs
  A wyvern zombie (D:15)
  A gnoll sergeant (Orc:1)
  A wyvern skeleton (D:6)
  4 scorpions
  3 troll zombies (D:11)
  10 killer bees
  5 jellies
  8 wights
  8 electric eels
  4 howler monkeys
  A lava snake (Lair:6)
  9 crimson imps
  2 bullfrog zombies
  5 centaur zombies
  15 orc priests
  6 centaur skeletons
  4 bullfrog skeletons
  17 orc wizards
  4 iguanas
  27 worker ants
  4 ogre zombies (D:11)
  A hound skeleton (D:9)
  A worker ant zombie (D:7)
  Robin (D:3)
  8 gnolls
  A gnoll zombie (D:4)
  A howler monkey skeleton (D:4)
  11 adders
  15 orc zombies
  4 river rats (D:5)
  4 shadow imps
  3 oozes (Lair:5)
  An adder zombie (D:5)
  2 adder skeletons
  2 worms
  4 dart slugs
  10 leopard geckos
  101 orcs
  8 bats
  4 giant cockroaches
  19 goblins
  13 hobgoblins
  6 jackals
  26 kobolds
  A quokka (D:6)
  2 ball pythons
  12 frilled lizards
  3 goblin zombies (D:11)
  3 hobgoblin skeletons (D:11)
  A hobgoblin zombie (D:11)
  2 orc skeletons (D:11)
  2 quokka zombies (D:6)
  6 rats
  2 plants
1032 creatures vanquished.

Vanquished Creatures (collateral kills)
  2 hornets
  2 spriggans
  A warg (D:9)
  An orc warrior (D:9)
  An ogre (D:4)
  A centaur skeleton (D:9)
  Jessica (D:3)
  3 worker ants (Lair:2)
  A gnoll (D:4)
  4 orcs
  A goblin zombie (D:11)
  A hobgoblin zombie (D:11)
19 creatures vanquished.

Vanquished Creatures (others)
  A tengu warrior (D:13)
  2 spriggan druids (Swamp:4)
  An efreet (D:14)
  A komodo dragon (D:13)
  A warg (D:9)
  3 soldier ants
  A hell hound (Lair:6)
  3 wights (D:10)
  2 orc wizards
  A hound skeleton (D:7)
  A bush (Lair:6)
  26 fungi
  26 plants
69 creatures vanquished.

Grand Total: 1120 creatures vanquished

Notes
Turn   | Place    | Note
-------+----------+-------------------------------------------
     0 | D:1      | NullDivider the Spriggan Artificer began the quest for the Orb.
     0 | D:1      | Reached XP level 1. HP: 9/9 MP: 4/4
    83 | D:1      | Reached skill level 2 in Stealth
   190 | D:1      | Reached skill level 1 in Fighting
   524 | D:1      | Reached XP level 2. HP: 14/14 MP: 6/6
  1324 | D:1      | You fall through a shaft!
  1348 | D:2      | Reached XP level 3. HP: 18/18 MP: 7/7
  1894 | D:2      | Reached skill level 3 in Stealth
  1960 | D:2      | Found a sparkling altar of Nemelex Xobeh.
  2301 | D:2      | Found a blossoming altar of Fedhas.
  2422 | D:2      | Found a basalt altar of Yredelemnul.
  2699 | D:3      | Reached XP level 4. HP: 23/23 MP: 8/8
  2774 | D:3      | Noticed Jessica
  2805 | D:3      | Killed Jessica
  2818 | D:3      | Reached skill level 4 in Stealth
  2999 | D:3      | Reached XP level 5. HP: 12/27 MP: 9/9
  3279 | D:3      | Noticed Robin
  3310 | D:3      | Killed Robin
  4298 | D:4      | Noticed an ogre
  4308 | D:4      | Killed an ogre
  4308 | D:4      | Reached skill level 5 in Stealth
  4308 | D:4      | Reached skill level 5 in Evocations
  4308 | D:4      | Reached XP level 6. HP: 32/32 MP: 10/10
  4316 | D:4      | Noticed topfpfpflanze's ghost (novice OpEE)
  4565 | D:4      | Found a staircase to the Ecumenical Temple.
  4577 | Temple   | Entered the Ecumenical Temple
  4604 | Temple   | Became a worshipper of Gozag Ym Sagoz the Greedy
  4912 | D:4      | Reached skill level 6 in Stealth
  5170 | D:4      | Reached XP level 7. HP: 30/36 MP: 12/12
  5273 | D:4      | Reached skill level 5 in Dodging
  5644 | D:4      | Found Lawagg's Weapon Shoppe.
  5665 | D:4      | Found a transporter.
  5681 | D:4      | Found a transporter.
  5967 | D:5      | Entered Level 5 of the Dungeon
  6162 | D:5      | Reached skill level 7 in Stealth
  6360 | D:5      | Noticed loom's ghost (novice OpFE)
  6862 | D:5      | Reached XP level 8. HP: 42/42 MP: 13/13
  7139 | D:5      | Reached skill level 8 in Stealth
  7983 | D:6      | Noticed Edmund
  7998 | D:6      | Killed Edmund
  8032 | D:6      | Reached skill level 9 in Stealth
  8321 | D:6      | Reached skill level 5 in Fighting
  8722 | D:7      | Noticed a hippogriff
  8767 | D:7      | Reached XP level 9. HP: 47/47 MP: 15/15
  8791 | D:7      | Reached skill level 5 in Short Blades
  8791 | D:7      | Reached skill level 10 in Stealth
  8943 | D:7      | Noticed Pikel
  8968 | D:7      | Killed Pikel
  8968 | D:7      | HP: 2/48 [shot self (20)]
  9809 | D:8      | Noticed a cyclops
  9811 | D:8      | Killed a cyclops
  9971 | D:8      | Found a glowing golden altar of the Shining One.
 10739 | D:9      | Found a deep blue altar of Sif Muna.
 10809 | D:9      | Reached skill level 11 in Stealth
 10913 | D:9      | Reached XP level 10. HP: 53/53 MP: 17/17
 11651 | D:9      | Noticed an orc knight
 11664 | D:9      | Noticed an orc knight
 11737 | D:9      | Killed an orc knight
 11931 | D:9      | Noticed an orc knight
 11937 | D:9      | Noticed a swamp dragon
 11937 | D:9      | an orc knight changed into a swamp dragon
 13176 | D:9      | Killed an orc knight
 13409 | D:9      | Reached skill level 12 in Stealth
 15065 | D:10     | Entered Level 10 of the Dungeon
 15103 | D:10     | Reached XP level 11. HP: 56/60 MP: 19/19
 15466 | D:10     | Noticed GordonOverkill's ghost (journeyman CeWz)
 16024 | D:9      | Reached skill level 10 in Dodging
 16838 | D:10     | Got a crystal trident
 17138 | D:9      | Identified the +10 trident of Ointment {flame, Dex+3 Stlth+} (You found it on level 10 of the Dungeon)
 18064 | D:11     | Found Hihad's Magic Scroll Emporium.
 18067 | D:11     | Bought a scroll of identify for 26 gold pieces
 18067 | D:11     | Bought a scroll of identify for 26 gold pieces
 18094 | D:11     | Found a staircase to the Orcish Mines.
 18988 | D:11     | Reached skill level 10 in Evocations
 19140 | D:11     | Found a staircase to the Lair.
 19142 | D:11     | Noticed a brown ugly thing
 19168 | D:11     | Killed a brown ugly thing
 20150 | D:12     | Noticed Nergalle
 20156 | D:12     | Killed Nergalle
 20156 | D:12     | Reached skill level 13 in Stealth
 21136 | D:12     | Found Ruud's Book Boutique.
 21516 | D:13     | Found a gate to the Vaults.
 21516 | D:13     | Noticed a tengu warrior
 21516 | D:13     | Noticed a vault guard
 21516 | D:13     | Noticed a vault guard
 21516 | D:13     | Noticed a vault guard
 21521 | D:13     | Noticed a vault guard
 21551 | D:13     | Killed a vault guard
 21611 | D:12     | Killed a vault guard
 21611 | D:12     | Reached XP level 12. HP: 26/67 MP: 21/21
 21878 | D:13     | Noticed a five-headed hydra
 21946 | D:13     | Noticed Jerkops's ghost (journeyman MiMo)
 22201 | D:13     | Noticed Frances
 22399 | Lair:1   | Entered Level 1 of the Lair of Beasts
 22405 | Lair:1   | Found a glowing golden altar of the Shining One.
 22728 | Lair:1   | Noticed Sonja
 22736 | Lair:1   | Killed Sonja
 23203 | Lair:1   | Reached skill level 14 in Stealth
 23942 | Lair:2   | Found a staircase to the Swamp.
 24266 | Lair:2   | Got a flickering granite ring
 24278 | Lair:2   | Identified the ring "Gidiucs" {Ice rPois MP+9} (You found it on level 2 of the Lair of Beasts)
 24340 | Lair:2   | Reached skill level 10 in Fighting
 24545 | Lair:2   | Noticed a queen ant
 24552 | Lair:2   | Killed a queen ant
 25718 | Lair:2   | Reached skill level 15 in Stealth
 26829 | Lair:3   | Found a staircase to the Snake Pit.
 28595 | D:4      | Killed topfpfpflanze's ghost
 29003 | Lair:4   | Reached XP level 13. HP: 72/72 MP: 22/22
 29503 | Lair:4   | Reached skill level 10 in Short Blades
 31200 | Lair:5   | Found a staircase to the Slime Pits.
 32035 | Lair:5   | Reached skill level 16 in Stealth
 32096 | Lair:5   | Noticed a dire elephant
 33399 | Lair:5   | Killed a dire elephant
 34226 | Lair:6   | Entered Level 6 of the Lair of Beasts
 35317 | Lair:6   | Reached XP level 14. HP: 63/79 MP: 24/24
 39176 | Temple   | Learned a level 3 spell: Regeneration
 39183 | Temple   | Learned a level 6 spell: Deflect Missiles
 39200 | D:4      | Bought runed storm dragon scales for 2158 gold pieces
 39643 | D:12     | Reached skill level 1 in Spellcasting
 39643 | D:12     | Reached skill level 1 in Charms
 39914 | D:12     | Reached skill level 17 in Stealth
 41238 | D:13     | Killed Frances
 42195 | D:13     | Killed Jerkops's ghost
 44098 | D:14     | Reached skill level 5 in Charms
 44739 | D:14     | Reached skill level 15 in Dodging
 44762 | D:14     | Reached XP level 15. HP: 47/85 MP: 26/26
 45409 | D:15     | Entered Level 15 of the Dungeon
 46205 | D:15     | Reached skill level 5 in Spellcasting
 46728 | D:15     | Reached skill level 18 in Stealth
 49025 | D:15     | Found a staircase to the Depths.
 49234 | D:15     | Identified a scroll of acquirement
 49681 | Orc:1    | Entered Level 1 of the Orcish Mines
 50386 | Orc:1    | Noticed an orc warlord
 50676 | Orc:1    | Killed an orc warlord
 51263 | Orc:1    | Noticed Maurice
 51287 | Orc:1    | Killed Maurice
 53335 | Orc:1    | Got an encrusted dagger
 53337 | Orc:1    | Got an ancient quick blade
 53341 | Orc:1    | Got an ancient short sword
 53349 | Orc:1    | Got a bloodstained quarterstaff
 53474 | Orc:1    | Got a ripped robe
 53478 | Orc:1    | Identified the +1 robe of Pestutio {rC+} (You found it on level 1 of the Orcish Mines)
 53482 | Orc:1    | Identified the +3 dagger "Atean" {pierce, +Rage Str+4} (You found it on level 1 of the Orcish Mines)
 53483 | Orc:1    | Identified the cursed +1 quick blade of Watchfulness {elec, +Rage rN+ Str+4} (You found it on level 1 of the Orcish Mines)
 53487 | Orc:1    | Got an ichor-stained hand crossbow
 53497 | Orc:1    | Identified the +9 hand crossbow of Precise Incision {speed, rElec rF+ Str+3 Dex-2} (You found it on level 1 of the Orcish Mines)
 53500 | Orc:1    | Identified the +10 short sword of Gozag's Delight {drain, rElec MR+} (You found it on level 1 of the Orcish Mines)
 54255 | Orc:2    | Entered Level 2 of the Orcish Mines
 54660 | Orc:2    | Found a staircase to the Elven Halls.
 55321 | Orc:2    | Reached XP level 16. HP: 46/91 MP: 28/28
 55801 | Orc:2    | Found Agot's Distillery.
 55808 | Orc:2    | Found Founnink's Food Boutique.
 55813 | Orc:2    | Found Zoqaf's Distillery.
 55814 | Orc:2    | Found Sesaak's Assorted Antiques.
 55852 | Orc:2    | Found a bloodstained altar of Trog.
 56071 | Orc:2    | Bought a potion of haste for 100 gold pieces
 56071 | Orc:2    | Bought a potion of curing for 30 gold pieces
 56071 | Orc:2    | Bought a potion of haste for 100 gold pieces
 56071 | Orc:2    | Bought a potion of heal wounds for 50 gold pieces
 56071 | Orc:2    | Bought a potion of curing for 30 gold pieces
 56076 | Orc:2    | Bought a ration for 70 gold pieces
 56076 | Orc:2    | Bought a ration for 70 gold pieces
 56076 | Orc:2    | Bought a ration for 70 gold pieces
 56076 | Orc:2    | Bought a ration for 70 gold pieces
 56076 | Orc:2    | Bought a ration for 70 gold pieces
 56076 | Orc:2    | Bought a ration for 70 gold pieces
 56076 | Orc:2    | Bought a ration for 70 gold pieces
 56076 | Orc:2    | Bought a ration for 70 gold pieces
 56076 | Orc:2    | Bought a ration for 70 gold pieces
 56076 | Orc:2    | Bought a ration for 70 gold pieces
 56087 | Orc:2    | Bought a potion of haste for 150 gold pieces
 56087 | Orc:2    | Bought a potion of curing for 45 gold pieces
 56092 | Orc:2    | Bought a brightly glowing rapier for 198 gold pieces
 56092 | Orc:2    | Bought a wand of enslavement (17) for 44 gold pieces
 56092 | Orc:2    | Bought a potion of curing for 66 gold pieces
 56330 | D:11     | Identified the +2 rapier "Jaluz" {drain, *Slow Str+3 Stlth+} (You bought it in a shop on level 2 of the Orcish Mines)
 56380 | Swamp:1  | Entered Level 1 of the Swamp
 58166 | Swamp:1  | Reached skill level 19 in Stealth
 60084 | Swamp:2  | Found a runed door.
 60699 | Swamp:2  | Reached skill level 10 in Charms
 61068 | Swamp:2  | HP: 4/91 [spectral alligator snapping turtle[a ghost crab] (1)]
 61538 | Swamp:2  | Got a sparkling jade ring
 61539 | Swamp:2  | Identified the Volume of a Million Wars
 62061 | Swamp:2  | Identified the ring of Ruxeisint {rF- rN+ MR+ MP+9} (You found it on level 2 of the Swamp)
 64264 | Swamp:4  | Entered Level 4 of the Swamp
 64375 | Swamp:4  | Noticed a thorn hunter
 64408 | Swamp:4  | Reached skill level 15 in Evocations
 64487 | Swamp:4  | Killed a thorn hunter
 64487 | Swamp:4  | Reached XP level 17. HP: 20/96 MP: 28/30
 64583 | Swamp:4  | Slain by a five-headed hydra

Skill      XL: |  1  2  3  4  5  6  7  8  9 10 11 12 13 14 15 16 |
---------------+-------------------------------------------------+-----
Stealth        | 2 3 4 5 6 7 9 11 12 13 15 16 17 18 19 | 19.7
Fighting       | 1 2 3 4 5 6 8 9 10 11 12 13 | 13.8
Short Blades   | 2 3 4 6 7 8 9 10 11 13 | 13.2
Dodging        | 4 5 6 8 9 11 12 13 15 16 17 | 17.1
Evocations     | 5 6 7 8 9 10 11 13 14 15 | 15.0
Spellcasting   | 4 7 8 |  8.3
Charms         | 5 8 10 | 10.0

Action                   |  1- 3 |  4- 6 |  7- 9 | 10-12 | 13-15 | 16-18 || total
-------------------------+-------+-------+-------+-------+-------+-------++-------
Melee: Short sword       |   114 |       |       |     5 |   229 |   772 ||  1120
       Dagger            |    35 |   223 |   352 |  1503 |  3315 |       ||  5428
       Trident           |       |       |       |     5 |       |       ||     5
       Scimitar          |       |       |       |       |    15 |       ||    15
 Cast: Regeneration      |       |       |       |       |     3 |     3 ||     6
Invok: Call Merchant     |       |       |       |       |     1 |       ||     1
 Abil: Evoke Invisibilit |       |       |       |       |     2 |    16 ||    18
Evoke: Wand              |     4 |    12 |    29 |   124 |    53 |    26 ||   248
       Fan of gales      |       |       |       |       |     2 |       ||     2
       Lightning rod     |       |       |       |       |    10 |       ||    10
       Box of beasts     |       |       |       |       |     1 |       ||     1
  Use: Scroll            |       |     4 |     8 |    14 |    14 |     2 ||    42
       Potion            |       |       |     2 |       |     1 |     5 ||     8
 Stab: Sleeping          |     4 |    13 |    24 |    30 |    39 |    17 ||   127
       Distracted        |       |     1 |     4 |    17 |    28 |     8 ||    58
       Paralysed         |       |       |     1 |     4 |     8 |     2 ||    15
       Invisible         |       |       |       |       |       |    40 ||    40
  Eat: Ration            |       |     1 |     2 |    11 |    17 |     8 ||    39
Armor: Robe              |     7 |    11 |    12 |    35 |       |       ||    65
       Quicksilver drago |       |       |       |     1 |   279 |    59 ||   339
Dodge: Dodged            |   116 |   156 |   233 |   821 |  2250 |   652 ||  4228
       Rpst.: Scimitar   |       |       |       |       |     5 |       ||     5
